 Dungeon Crawl Stone Soup version 0.23-a0-261-g133332c (webtiles) character file.

53 lemonriz the Insei (level 3, -6/23 HPs)
             Began as an Octopode Transmuter on Sept 30, 2018.
             Mangled by an orc
             ... wielding a +0 flail
              (8 damage)
             ... on level 1 of the Dungeon.
             The game lasted 00:02:09 (889 turns).

lemonriz the Insei (Octopode Transmuter)             Turns: 889, Time: 00:02:10

Health: -6/23      AC:  1    Str:  9    XL:     3   Next: 89%
Magic:  6/6        EV: 13    Int: 16    God:
Gold:   10         SH:  0    Dex: 12    Spells: 0/6 levels left

rFire    . . .     SeeInvis .     - Unarmed
rCold    . . .     Gourm    .   (no shield)
rNeg     . . .     Faith    .   (helmet restricted)
rPois    .         Spirit   .   b - amulet of regeneration
rElec    .         Reflect  .   (no ring)
rCorr    .         Harm     .   (no ring)
MR       .....                  (no ring)
Stlth    +++.......             (no ring)
HPRegen  0.47/turn              (no ring)
MPRegen  0.10/turn              (no ring)
                                (no ring)
                                (no ring)

@: no status effects
A: almost no armour, stealthy swim, amphibious, 8 rings, constrict 8, camouflage
1, gelatinous body 1
a: no special abilities


You were on level 1 of the Dungeon.
You were not hungry.

You visited 1 branch of the dungeon, and saw 2 of its levels.

You collected 10 gold pieces.

Inventory:

Missiles
 a - 39 arrows
Jewellery
 b - an amulet of regeneration (around mantle)
Scrolls
 e - a scroll of remove curse {unknown}
 f - a scroll of fear {unknown}
 h - a scroll of fog {unknown}
Potions
 g - a potion of agility {unknown}
Comestibles
 c - 3 rations
 d - a chunk of flesh


   Skills:
 - Level 1.0 Fighting
 - Level 2.0 Dodging
 + Level 2.6 Stealth
 + Level 3.6 Unarmed Combat
 - Level 2.0 Spellcasting
 + Level 2.8 Transmutations


You couldn't memorise any spells.
You knew the following spells:

 Your Spells              Type           Power        Failure   Level  Hunger
a - Beastly Appendage     Tmut           ##....       7%          1    #......
b - Sticks to Snakes      Tmut           ##......     10%         2    ###....
c - Spider Form           Tmut/Pois      #.........   34%         3    ###....

Your spell library contained the following spells:

 Spells                   Type           Power        Failure   Level  Hunger
 Ice Form                 Ice/Tmut       #.......     75%         4    #####..
 Blade Hands              Tmut           ##........   88%         5    ######.


Dungeon Overview and Level Annotations

Branches:
Dungeon (2/15)

Altars:


Innate Abilities, Weirdness & Mutations

You cannot wear most types of armour.
You are very stealthy in the water. (Stealth+)
You are amphibious.
You can wear up to eight rings at the same time.
You can use your tentacles to constrict eight enemies at once.
Your skin changes colour to match your surroundings (Stealth+).
Your rubbery body absorbs attacks. (AC +1, EV +1)


Message History

Okay, then.
Done exploring.
There is a stone staircase leading down here.
You climb downwards.
The orc hits you but does no damage. The orc misses you.
The orc hits you with a dagger.
There is a stone staircase leading up here.
There are monsters nearby!
You barely miss the orc. You grab the orc.
The orc is heavily wounded.
You constrict the orc, but do no damage.
The orc hits you but does no damage. The orc misses you.
You release your grip on the orc.
The orc closely misses you. x2
You climb upwards.
There is a stone staircase leading down here.
The orc closely misses you. The orc hits you with a dagger.
The orc barely misses you. The orc hits you with a flail!
The orc hits you with a dagger.
* * * LOW HITPOINT WARNING * * *
The orc hits you with a flail!
You die...

###.#....#.# #.#.# #.#.# #.
..รท......#.# #.#.# #.#.# #.
..#......#.###.#.# #.#.# #.
#.#......#.....#'### #.#.###.
#.#......###.......# #.#.....
#.#......# #.......# #.#####.
#.#..#.#.# #.......# ###.######
..#..#.#.# #####+### #.........
.........#######@# #.#.######
...............oo# #.#.......
........################.########
...#..................##........#
##.#.#............###.##..#####.#
.#.#.#.##########.# #.##..# #.#
.........# #.# #.##..#####.#
...#.#(#.# #.# #.##......#.#
####.#.#.# #.# #.##.####.#.#


You could see 2 orcs.

Vanquished Creatures
  An adder (D:2)
  An ooze (D:1)
  A dart slug (D:1)
  A leopard gecko (D:1)
  2 orcs
  4 giant cockroaches (D:1)
  5 hobgoblins (D:1)
  3 jackals (D:1)
  2 kobolds (D:1)
  4 bats (D:1)
  A frilled lizard (D:1)
  5 goblins (D:1)
  4 rats
34 creatures vanquished.

Notes
Turn   | Place    | Note
-------+----------+-------------------------------------------
     0 | D:1      | lemonriz the Octopode Transmuter began the quest for the
                  | Orb.
     0 | D:1      | Reached XP level 1. HP: 13/13 MP: 3/3
   169 | D:1      | Reached skill level 1 in Stealth
   182 | D:1      | Reached XP level 2. HP: 13/18 MP: 5/5
   472 | D:1      | Reached XP level 3. HP: 23/23 MP: 6/6
   877 | D:1      | Learned a level 2 spell: Sticks to Snakes
   881 | D:1      | Learned a level 3 spell: Spider Form
   889 | D:1      | Mangled by an orc

Vault maps used:
D:1:      minmay_arrival_split_and_join, minivault_19
D:2:      kennysheep_boxes

Skill      XL: |  1  2 |
---------------+-------+-----
Stealth        | 1 2 |  2.6
Fighting       | |  1.0
Dodging        | |  2.0
Unarmed Combat | |  3.6
Spellcasting   | |  2.0
Transmutations | |  2.8

Action                   || total
-------------------------++-------
Melee: Unarmed           ||    91
       Constrict         ||    28
       Tentacles         ||    14
       Punch             ||     3
       Kick              ||     1
 Cast: Beastly Appendage ||     1
 Stab: Sleeping          ||     9
Armor: Skin              ||     5
Dodge: Dodged            ||    56

Table legend:
 A = Non-vault XP
 B = Vault XP
 C = Vault XP percentage of total XP
 D = Non-vault monster count
 E = Vault monster count
 F = Vault count percentage of total count
                 A         B        C        D         E       F
            +---------+---------+-------+---------+---------+-------
      Total |      77 |       0 |   0.0 |      34 |       0 |   0.0
            +---------+---------+-------+---------+---------+-------
        D:1 |      60 |       0 |   0.0 |      31 |       0 |   0.0
        D:2 |      17 |       0 |   0.0 |       3 |       0 |   0.0
            +---------+---------+-------+---------+---------+-------
